 Dungeon Crawl Stone Soup version 0.31-a0-845-g9abc20d24f (webtiles) character file.

Game seed: 7918573223996775024

13308 Joey1 the Severer (level 11, 0/99 HPs)
             Began as a Minotaur Berserker on Oct 2, 2023.
             Was a High Priest of Trog.
             Succumbed to a cane toad's poison
             ... on level 1 of the Lair of Beasts.
             The game lasted 00:27:38 (9535 turns).

Joey1 the Severer (Minotaur Berserker)              Turns: 9535, Time: 00:27:39

Health: 0/99       AC: 21    Str: 21    XL:     11   Next: 73%
Magic:  10/10      EV:  6    Int:  6    God:    Trog [*****.]
Gold:   599        SH: 11    Dex: 13    Spells: 10/10 levels left

rFire   . . .        M - +1 war axe (freeze)
rCold   + + .        I - +0 kite shield
rNeg    . . .        S - +0 plate armour
rPois   .            (helmet restricted)
rElec   .            V - +1 cloak of Satim {rC++ Str-5 Int+2 Dex+3}
rCorr   .            N - +1 pair of gloves
SInv    .            Q - +0 pair of boots
Will    ++...        d - amulet of faith Stlth
                     K - +4 ring of protection
HPRegen 1.36/turn    (no ring)
MPRegen 0.12/turn

%: faith
@: lethally poisoned (0 -> -1), strong-willed (expiring), on berserk cooldown,
regenerating (expiring), slowed, very slow
A: horns 2, retaliatory headbutt
a: Renounce Religion, Berserk, Trog's Hand, Brothers in Arms


You were on level 1 of the Lair of Beasts.
You worshipped Trog.
Trog was extremely pleased with you.
You visited 2 branches of the dungeon, and saw 11 of its levels.
You also visited: Bailey.

You collected 768 gold pieces.
You spent 169 gold pieces at shops.

Inventory:

Hand Weapons
 a - a +0 hand axe
 t - a +1 heavy hand axe
 u - a +0 war axe
 z - a +2 mace of holy wrath
 H - a +0 morningstar
 M - a +1 war axe of freezing (weapon)
 U - a +0 broad axe
Missiles
 r - 4 darts of dispersal
 T - 8 boomerangs
Armour
 G - a +2 cloak
 I - a +0 kite shield (worn)
 N - a +1 pair of gloves (worn)
 Q - a +0 pair of boots (worn)
 S - a +0 plate armour (worn)
 V - the +1 cloak of Satim (worn) {rC++ Str-5 Int+2 Dex+3}
   (You acquired it in a bailey)

   Str-5:     It affects your strength (-5).
   Int+2:     It affects your intelligence (+2).
   Dex+3:     It affects your dexterity (+3).
   rC++:      It greatly protects you from cold.
Jewellery
 d - an amulet of faith (around neck)
 B - a ring of fire
 K - a +4 ring of protection (left hand)
Wands
 x - a wand of flame (7)
 y - a wand of quicksilver (6)
 O - a wand of mindburst (7)
 X - a wand of roots (3)
 Y - a wand of charming (5)
Scrolls
 b - a scroll of acquirement
 c - a scroll of summoning {unknown}
 f - 2 scrolls of blinking {unknown}
 h - 4 scrolls of immolation
 i - 5 scrolls of enchant armour
 k - 4 scrolls of fear
 l - 9 scrolls of teleportation
 m - 2 scrolls of amnesia {unknown}
 s - 2 scrolls of vulnerability {unknown}
 v - 3 scrolls of noise {unknown}
 P - a scroll of enchant weapon {unknown}
 R - a scroll of revelation {unknown}
 W - a scroll of poison {unknown}
Potions
 e - 2 potions of brilliance
 g - 2 potions of berserk rage
 j - a potion of heal wounds {unknown}
 n - a potion of cancellation {unknown}
 o - a potion of mutation {unknown}
 p - 5 potions of haste
 q - 2 potions of degeneration
 w - a potion of enlightenment {unknown}
 A - 3 potions of magic
 C - 4 potions of might
 D - 2 potions of curing
 E - a potion of lignification
 F - a potion of attraction
 J - a potion of ambrosia {unknown}


   Skills:
 - Level 10.0 Fighting
 - Level 18.0 Axes
 - Level 5.0 Armour
 - Level 3.0 Dodging
 + Level 8.9 Shields


You had 10 spell levels left.
You didn't know any spells.
Your spell library was empty.

Dungeon Overview and Level Annotations

Branches:
Dungeon (10/15)            Temple (0/1) D:7            Lair (1/5) D:9
 Bailey (visited)
    Orc: D:9-12

Altars:
Elyvilon
Kikubaaqudgha
Nemelex Xobeh
Trog
Xom

Shops:
D:5 !   D:8 (


Innate Abilities, Weirdness & Mutations

You have a pair of horns on your head.
You reflexively headbutt those who attack you in melee.


Message History

You slice the torpor snail!! You freeze the torpor snail!
You kill the torpor snail!
Trog accepts your kill.
You slash the cane toad! You freeze the cane toad. You hit the basilisk.
The basilisk seems to slow down.
You freeze the basilisk.
You kill the basilisk!
Trog accepts your kill.
You slash the wolf! You freeze the wolf.
You feel yourself speed up.
* * * LOW HITPOINT WARNING * * *
You feel very sick.
The cane toad is no longer moving slowly.
You block the wolf's attack. The cane toad barely misses you.
You furiously retaliate!
You headbutt the cane toad!
Training target 18.0 for Axes reached!
Your Axes skill increases to level 18!
You slice the cane toad!! You freeze the cane toad.
You kill the cane toad!
Trog accepts your kill.
You barely miss the wolf. You slash the yak! You freeze the yak.
You kill the yak!
Trog accepts your kill.
You feel the effects of Trog's Hand fading.
* * * LOW HITPOINT WARNING * * *
You feel sick. The wolf bites you but does no damage.
You slice the wolf!! You freeze the wolf.
You kill the wolf!
Trog accepts your kill.
* * * LOW HITPOINT WARNING * * *
You feel sick.
* * * LOW HITPOINT WARNING * * *
You feel sick.
You feel a strong urge to attack something.
* * * LOW HITPOINT WARNING * * *
You feel sick.
You see here a +3 heavy war axe.
You are no longer berserk.
You are exhausted.
You feel yourself slow down.
You die...

# #.../...#
..#.......###
>.........#.##### .#
.................(
..##.#....†††.?......
..........†.........
.P...#P.##†.†..###
#........#.)†##
#...........@#
....#........#...##
....#.............#
...........<.#...##
.............#...##...
....#........#........
.....##.+#.##.....#.+#
..............(..## ..
.....................!


There were no monsters in sight!

Vanquished Creatures
  2 black mambas (Lair:1)
  A torpor snail (Lair:1)
  3 cane toads (Lair:1)
  Jeremiah (D:7)
  A rime drake (Lair:1)
  3 kobold demonologists
  A troll (D:10)
  2 hornets
  Sigmund (D:3)
  4 wyverns
  Eustachio (D:3)
  16 yaks
  3 basilisks (Lair:1)
  2 steam dragons (D:7)
  Menkaure (D:7)
  An acid dragon (D:6)
  3 water moccasins
  Duvessa (D:4)
  Pargi (D:4)
  A black bear (D:7)
  A sky beast (D:7)
  9 orc warriors (Bailey)
  4 wolves (Lair:1)
  3 ogres
  4 centaurs
  2 phantoms (D:5)
  2 kobold brigands
  5 bullfrogs
  4 scorpions
  A gnoll sergeant (D:8)
  4 wights
  Dowan (D:4)
  9 killer bees
  4 electric eels (Bailey)
  6 howler monkeys
  3 hounds
  A gnoll bouda (D:7)
  5 orc priests
  A sleepcap (D:6)
  5 orc wizards
  Natasha (thrice) (D:3)
  2 iguanas
  5 hell rats (Lair:1)
  Ijyb (D:3)
  Robin (D:3)
  21 gnolls
  9 adders
  A shadow imp (D:7)
  An ufetubus (D:5)
  4 worms
  5 dart slugs
  31 orcs
  8 endoplasms
  4 giant cockroaches
  25 goblins
  16 hobgoblins
  12 jackals
  13 kobolds
  7 quokkas
  11 ball pythons
  8 bats
  4 frilled lizards
  6 rats
321 creatures vanquished.

Notes
Turn   | Place    | Note
-------+----------+-------------------------------------------
     0 | D:1      | Joey1 the Minotaur Berserker began the quest for the Orb.
     0 | D:1      | Reached XP level 1. HP: 19/19 MP: 0/0
    58 | D:1      | Reached XP level 2. HP: 24/27 MP: 1/1
    61 | D:1      | Reached skill level 4 in Axes
   302 | D:1      | Reached XP level 3. HP: 33/33 MP: 2/2
   309 | D:1      | Reached ** piety under Trog
   628 | D:1      | Found a bloodstained altar of Trog.
   832 | D:2      | Found a shimmering altar of Xom.
   901 | D:2      | Reached XP level 4. HP: 40/40 MP: 3/3
  1143 | D:3      | Noticed Robin
  1150 | D:3      | Reached *** piety under Trog
  1159 | D:3      | Killed Robin
  1160 | D:3      | Reached skill level 5 in Axes
  1333 | D:3      | Reached XP level 5. HP: 27/47 MP: 4/4
  1501 | D:3      | Found an ancient bone altar of Kikubaaqudgha.
  1530 | D:3      | Noticed Natasha
  1536 | D:3      | Killed Natasha
  1585 | D:3      | Reached **** piety under Trog
  1649 | D:3      | Noticed Natasha
  1663 | D:3      | Killed Natasha
  1664 | D:3      | Reached skill level 5 in Fighting
  1664 | D:3      | Reached skill level 6 in Axes
  1837 | D:3      | Noticed Sigmund
  1844 | D:3      | Killed Sigmund
  1845 | D:3      | Reached XP level 6. HP: 51/56 MP: 5/5
  1901 | D:3      | Noticed Natasha
  1908 | D:3      | Killed Natasha
  1909 | D:3      | Reached skill level 7 in Axes
  2095 | D:4      | Noticed Ijyb
  2096 | D:4      | Noticed Eustachio
  2119 | D:3      | Killed Ijyb
  2273 | D:3      | Killed Eustachio
  2274 | D:3      | Reached skill level 8 in Axes
  2274 | D:3      | Reached skill level 5 in Armour
  2274 | D:3      | Reached XP level 7. HP: 15/61 MP: 6/6
  2515 | D:4      | Found a sparkling altar of Nemelex Xobeh.
  2677 | D:4      | Noticed Duvessa
  2678 | D:4      | Noticed Dowan
  2687 | D:4      | Killed Duvessa
  2690 | D:4      | Killed Dowan
  2691 | D:4      | Reached skill level 9 in Axes
  2877 | D:4      | Noticed Pargi
  2886 | D:4      | Killed Pargi
  3069 | D:4      | Reached skill level 10 in Axes
  3069 | D:4      | Reached XP level 8. HP: 68/68 MP: 7/7
  3322 | D:5      | Entered Level 5 of the Dungeon
  3322 | D:5      | Found Amusal's Distillery.
  3432 | D:5      | Bought a potion of might for 52 gold pieces
  3432 | D:5      | Bought a potion of curing for 39 gold pieces
  3432 | D:5      | Bought a potion of lignification for 39 gold pieces
  3432 | D:5      | Bought a potion of attraction for 39 gold pieces
  3563 | D:5      | Reached skill level 11 in Axes
  3801 | D:5      | Identified the +0 leather armour of Eternity {Fly}
  3823 | D:5      | Reached ***** piety under Trog
  3824 | D:5      | Reached skill level 12 in Axes
  4418 | D:6      | Reached skill level 13 in Axes
  4418 | D:6      | Reached XP level 9. HP: 74/74 MP: 8/8
  5005 | D:7      | Noticed Menkaure
  5014 | D:7      | Killed Menkaure
  5020 | D:7      | Reached skill level 14 in Axes
  5129 | D:7      | Found a staircase to the Ecumenical Temple.
  5297 | D:7      | Received a gift from Trog
  5418 | D:7      | Noticed Jeremiah
  5437 | D:7      | Killed Jeremiah
  5575 | D:7      | Identified the +6 whip "Gram" {drain, rF++ Stlth+}
  5693 | D:8      | Reached skill level 15 in Axes
  5890 | D:8      | Found a white marble altar of Elyvilon.
  5945 | D:8      | Found a flagged portal.
  5972 | Bailey   | Entered a bailey
  6203 | Bailey   | Noticed a kobold demonologist
  6218 | Bailey   | Reached XP level 10. HP: 77/86 MP: 9/9
  6417 | Bailey   | Received a gift from Trog
  6765 | Bailey   | Acquired the +1 cloak of Satim {rC++ Str-5 Int+2 Dex+3}
  6985 | Bailey   | Found an iron altar of Okawaru.
  7007 | Bailey   | Reached skill level 16 in Axes
  7239 | D:8      | Found Okuog's Antique Weapon Shoppe.
  7984 | D:9      | Paralysed by a hornet for 3 turns
  7997 | D:8      | Reached skill level 10 in Fighting
  8244 | D:9      | Found a staircase to the Lair.
  8783 | D:10     | Entered Level 10 of the Dungeon
  8803 | D:10     | Reached XP level 11. HP: 56/99 MP: 10/10
  9041 | Lair:1   | Entered Level 1 of the Lair of Beasts
  9053 | Lair:1   | Reached skill level 5 in Shields
  9060 | Lair:1   | Reached skill level 17 in Axes
  9506 | Lair:1   | Received a gift from Trog
  9529 | Lair:1   | HP: 7/148 [poisoned by a cane toad]
  9531 | Lair:1   | Reached skill level 18 in Axes
  9532 | Lair:1   | HP: 3/148 [poisoned by a cane toad]
  9534 | Lair:1   | HP: 1/148 [poisoned by a cane toad]
  9535 | Lair:1   | Succumbed to a cane toad's poison

Illustrated notes

Levels and vault maps discovered:
D:1:      dpeg_arrival_lava_altar, layout_basic, dreamdust_princess_bridge
D:2:      layout_rooms, basic_altar
D:3:      layout_basic, kiku_gazebo_pond_becter, st_stairs_7,
          nicolae_twisty_statue_hallways, uniq_robin, uniq_sigmund, uniq_natasha
D:4:      layout_loops_cross, lemuel_crystal_altar, nrook_uturn, uniq_duvessa,
          uniq_eustachio, uniq_pargi, uniq_ijyb
D:5:      layout_gridville, nicolae_stop_n_shop_2
D:6:      layout_basic, eino_small_chamber_without_monster,
          mrwooster_statue_mirror
D:7:      layout_basic, minmay_temple_entry_mist, uniq_menkaure, uniq_jeremiah
D:8:      layout_loops_ring, lemuel_crystal_altar, serial_shops,
          nicolae_shop_dealshenge, enter_bailey_4, nrook_mini_vaults
D:9:      layout_cave_pools, dpeg_oklobed_lair
D:10:     layout_gridville, mainiacjoe_overflow_tiny_flanked, serial_shops,
          shop, minivault_25_ag
Lair:1:   layout_regular_city, chequers_serial_rivers_large_b, wad_woods_06,
          grunt_megastairs_4, uniq_fannar

Skill      XL: |  1  2  3  4  5  6  7  8  9 10 11 |
---------------+----------------------------------+-----
Axes           | 4 5 6 8 10 13 15 16 18 | 18.0
Fighting       | 4 5 7 10 | 10.0
Armour         | 3 4 5 |  5.0
Dodging        | 3 |  3.0
Shields        | 4 8 |  8.9

Action                     |  1- 3 |  4- 6 |  7- 9 | 10-12 || total
---------------------------+-------+-------+-------+-------++-------
  Melee: Hand axe          |    77 |   150 |   209 |       ||   436
         Headbutt          |    11 |    16 |    63 |    52 ||   142
         Punch             |       |     4 |     3 |     1 ||     8
         War axe           |       |       |   125 |   265 ||   390
 Invoke: Berserk           |     1 |     3 |     3 |     2 ||     9
         Trog's Hand       |       |     1 |       |     1 ||     2
    Use: Scroll            |       |       |     8 |     2 ||    10
 Armour: Animal skin       |     8 |       |       |       ||     8
         Scale mail        |    39 |    36 |       |       ||    75
         Chain mail        |       |    92 |   180 |       ||   272
         Plate armour      |       |       |    31 |   297 ||   328
  Dodge: Dodged            |    50 |    89 |   112 |    86 ||   337
  Block: Kite shield       |       |       |       |    60 ||    60

Table legend: (Time is in decaauts)
 A = Elapsed time spent in this place.
 B = Non-inter-level travel time spent in this place.
 C = Inter-level travel time spent in this place.
 D = Time resting spent in this place.
 E = Time spent auto-exploring this place.
 F = Levels seen in this place.
 G = Mean time per level.
                   A        B        C        D        E       F      G
               +--------+--------+--------+--------+--------+-----+--------+
         Total |   9542 |   9230 |    312 |   2088 |   4941 |  12 |  795.2 |
       Dungeon |   7881 |   7570 |    311 |   1384 |   4577 |  10 |  788.1 |
          Lair |    515 |    515 |      0 |     48 |    364 |   1 |  515.0 |
        Bailey |   1144 |   1144 |      0 |    656 |      0 |   1 | 1144.0 |
               +--------+--------+--------+--------+--------+-----+--------+

Top non-repeatable levels by time:
     D:8: 1181 daAuts
  Bailey: 1144 daAuts
     D:3: 1040 daAuts
     D:4: 980 daAuts
     D:5: 865 daAuts
     D:7: 831 daAuts
     D:9: 825 daAuts
     D:6: 760 daAuts
     D:2: 683 daAuts
     D:1: 670 daAuts
  Lair:1: 515 daAuts
    D:10: 43 daAuts
